 Dungeon Crawl Stone Soup version 0.16-a0-3049-g2a447e9 (webtiles) character file.

12428 Herrn the Cleaver (level 12, -8/98 HPs)
             Began as a Formicid Fighter on Dec 9, 2014.
             Was a High Priest of Okawaru.
             Mangled by a brown ugly thing (12 damage)
             ... on level 11 of the Dungeon.
             The game lasted 00:43:30 (13443 turns).

Herrn the Cleaver (Formicid Fighter)               Turns: 13443, Time: 00:43:30

Health: -8/98      AC:  4    Str: 30    XL:     12   Next: 20%
Magic:  22/23      EV: 11    Int:  9    God:    Okawaru [*****.]
Gold:   161        SH: 14    Dex: 10    Spells: 1 memorised, 8 levels left

rFire  + . .     SeeInvis +     J - +4 battleaxe (chop)
rCold  + + .     Clarity  .     e - +0 plate armour
rNeg   + + .     SustAb   .     c - +0 shield
rPois  +         Gourm    .     (helmet unavailable)
rElec  +         Spirit   .     (no cloak)
rCorr  +         Warding  +     E - +0 pair of gloves
rMut   .         Stasis   +     m - +1 pair of boots
MR     +++..                    v - amulet of warding
Stlth  ..........               D - ring "Thro Hyal" {+Fly rC+}
                                j - ring of positive energy

@: mighty, resistant, heroism, corroded equipment, extremely resistant to
hostile enchantments, extremely unstealthy
A: permanent stasis, dig shafts and tunnels, four strong arms, antennae 3,
hooves 1, magic resistance 2
a: Dig, Shaft Self, Heroism, Renounce Religion, Evoke Flight


You were on level 11 of the Dungeon.
You worshipped Okawaru.
Okawaru was extremely pleased with you.
You were not hungry.

You visited 2 branches of the dungeon, and saw 12 of its levels.

You collected 509 gold pieces.
You spent 348 gold pieces at shops.

Inventory:

Hand weapons
 J - a +4 battleaxe of chopping (weapon)
Armour
 a - a cursed +1 chain mail of positive energy
 c - a +0 shield (worn)
 e - a +0 plate armour (worn)
 m - a +1 pair of boots (worn)
 E - a +0 pair of gloves (worn)
Jewellery
 j - a ring of positive energy (left hand)
 r - an uncursed ring of wizardry
 u - an uncursed ring of invisibility {unknown}
 v - an amulet of warding (around neck)
 A - an uncursed amulet of clarity
 D - the ring "Thro Hyal" (right hand) {+Fly rC+}
   (You found it on level 8 of the Dungeon)

   [ring of flight]

   It protects you from cold.
   It lets you fly.
Magical devices
 b - a wand of confusion (14)
 B - a wand of fire (8)
 G - a wand of draining (9)
 H - a wand of disintegration (15)
Scrolls
 g - 12 scrolls of remove curse
 l - 6 scrolls of teleportation {unknown}
 n - 3 scrolls of noise {unknown}
 q - 2 scrolls of recharging {unknown}
 s - 2 scrolls of fog
 t - a scroll of immolation {unknown}
 y - 4 scrolls of magic mapping {unknown}
 F - 2 scrolls of enchant weapon {unknown}
 I - a scroll of enchant armour {unknown}
Potions
 h - a potion of cancellation
 i - a potion of might
 k - a potion of cure mutation
 p - 3 potions of restore abilities
 w - 3 potions of brilliance
 z - a potion of curing
 K - a potion of agility {unknown}
Comestibles
 d - 12 bread rations
 f - 4 meat rations
 o - a royal jelly
 x - 7 slices of pizza


   Skills:
 * Level 10.5(15.5) Fighting
 * Level 11.6(16.6) Axes
 + Level 7.3(12.3) Armour
 + Level 3.3(8.3) Dodging
 + Level 9.9(14.9) Shields
 * Level 5.8 Invocations


You had 8 spell levels left.
You knew the following spells:

 Your Spells              Type           Power        Failure   Level  Hunger
a - Regeneration          Chrm/Necr      #.........   100%        3    ####...


Dungeon Overview and Level Annotations

Branches:
Dungeon (11/15)            Temple (1/1) D:4            Lair (0/8) D:10
    Orc (0/4) D:11

Altars:
Ashenzari
Cheibriados
Dithmenos
Elyvilon
Fedhas
Gozag
Kikubaaqudgha
Makhleb
Nemelex Xobeh
Okawaru
Qazlal
Ru
Sif Muna
Trog
Vehumet
Xom
Yredelemnul
Zin
The Shining One

Shops:
D:6 (

Annotations:
D:3 Herrn's ghost, average FoFi


Innate Abilities, Weirdness & Mutations

You are under a permanent stasis effect.
You can dig through walls and to a lower floor.
Your four strong arms can wield two-handed weapons with a shield.
You have a pair of large antennae on your head (SInv).
You have large cloven feet.
You are highly resistant to hostile enchantments.


Message History

Drink which item? (? for menu, Esc to quit)
You feel very mighty all of a sudden. The brown ugly thing headbutts you!
* * * LOW HITPOINT WARNING * * *
You are splashed with acid!
The acid corrodes your equipment!
The acid burns!
You resist.
* * * LOW HITPOINT WARNING * * *
You barely miss the brown ugly thing.
The brown ugly thing is heavily wounded.
The brown ugly thing completely misses you.
You hit the brown ugly thing but do no damage.
The brown ugly thing is heavily wounded.
The brown ugly thing misses you.
Your plate armour prevents you from hitting the brown ugly thing.
The brown ugly thing is heavily wounded.
You block the brown ugly thing's attack.
You closely miss the brown ugly thing.
The brown ugly thing is heavily wounded.
The brown ugly thing headbutts you!
You die...

.. ..≈. #.# .#{#.≈. .# .
#.# .# #... ....#.##.#
####.####.#.#.##.#
(.............##.#
#.........#[..##.#
....)...≈.#...##.#
..)...........##u#
..............##@#
.................#
♣♣..♣.###.....##########
♣.♣..♣P♣♣).............#
♣♣.♣♣P♣.)♣♣♣♣..#######.#
♣♣.♣♣♣♣♣.♣ ♣#.# #.# ♣♣.♣
♣..♣♣♣#.# #.# ♣♣.♣♣
♣♣♣..♣#..# #.# ♣.♣♣
♣.!.♣♣#.## #.#


You could see a brown ugly thing.

Vanquished Creatures
  3 unseen horrors (D:11)
  3 hill giants
  A wizard (D:10)
  An ugly thing (D:11)
  The ghost of DEFE the Slasher, an experienced HESk of Ashenzari (D:5)
  A troll (D:9)
  A trapdoor spider (D:11)
  A wraith (D:10)
  8 yaks
  2 hogs (D:9)
  Eustachio (D:5)
  A deep elf mage (D:10)
  A hippogriff (D:7)
  A human (D:9)
  A wyvern (D:11)
  3 hungry ghosts
  2 sky beasts
  3 water moccasins
  An orc warrior (D:9)
  3 eyes of draining
  5 ogres
  2 phantoms
  2 necrophages
  5 ice beasts
  A crocodile (D:10)
  10 centaurs
  The ghost of DEFE the Charmwright, an average HESk (D:4)
  A big kobold (D:9)
  3 giant frogs
  A gnoll sergeant (D:6)
  A water moccasin zombie (D:8)
  5 killer bees (D:9)
  3 scorpions
  A water moccasin skeleton (D:5)
  2 crimson imps
  A giant frog zombie (D:8)
  2 goliath beetles
  2 jellies
  An orc priest (D:11)
  2 quasits
  5 orc wizards
  4 hounds
  4 iguanas
  9 worker ants
  2 sheep (D:9)
  A hound skeleton (D:11)
  A mummy (D:11)
  4 adders
  9 gnolls
  2 shadow imps
  4 giant mites
  2 worms
  An adder zombie (D:6)
  3 giant geckos
  An ooze (D:2)
  37 orcs
  2 bat skeletons
  4 giant cockroaches
  10 goblins
  17 hobgoblins
  19 jackals
  4 quokkas
  A ball python (D:4)
  15 bats
  4 giant newts
  A giant spore (D:11)
  21 kobolds
  9 rats
  4 ballistomycetes
  22 plants (D:11)
312 creatures vanquished.

Vanquished Creatures (others)
  A black bear (D:11)
  A giant spore (D:6)
2 creatures vanquished.

Grand Total: 314 creatures vanquished

Notes
Turn   | Place    | Note
--------------------------------------------------------------
     0 | D:1      | Herrn, the Formicid Fighter, began the quest for the Orb.
     0 | D:1      | Reached XP level 1. HP: 18/18 MP: 1/1
   290 | D:1      | Reached XP level 2. HP: 24/24 MP: 3/3
   765 | D:2      | Reached skill level 4 in Fighting
   765 | D:2      | Reached XP level 3. HP: 21/30 MP: 4/4
  1786 | D:3      | Noticed Herrn's ghost (average FoFi)
  1790 | D:3      | Reached XP level 4. HP: 32/37 MP: 5/5
  1791 | D:3      | Reached skill level 1 in Dodging
  2275 | D:2      | Gained mutation: You are resistant to hostile enchantments. [potion of mutation]
  2275 | D:2      | Gained mutation: You have large cloven feet. [potion of mutation]
  2275 | D:2      | Gained mutation: You are highly resistant to hostile enchantments. [potion of mutation]
  2782 | D:3      | Reached XP level 5. HP: 41/43 MP: 7/7
  3318 | D:4      | Reached XP level 6. HP: 49/49 MP: 8/8
  3324 | D:4      | Noticed a centaur
  3341 | D:4      | Killed a centaur
  3627 | D:4      | Found a bloodstained altar of Trog.
  3630 | D:4      | Noticed an ogre
  3646 | D:4      | Reached skill level 5 in Shields
  3704 | D:4      | Reached XP level 7. HP: 55/55 MP: 9/9
  3723 | D:4      | Found a staircase to the Ecumenical Temple.
  3732 | Temple   | Entered the Ecumenical Temple
  3945 | Temple   | Became a worshipper of Warmaster Okawaru
  3984 | D:4      | Noticed DEFE's ghost (average HESk)
  3998 | D:4      | Killed DEFE's ghost
  3998 | D:4      | Reached skill level 5 in Fighting
  4235 | D:4      | Killed an ogre
  4410 | D:5      | Entered Level 5 of the Dungeon
  4421 | D:5      | Reached skill level 5 in Axes
  4626 | D:5      | Noticed DEFE's ghost (experienced HESk)
  4706 | D:5      | Reached XP level 8. HP: 40/63 MP: 11/11
  4952 | D:5      | Killed DEFE's ghost
  4952 | D:5      | Acquired Okawaru's first power
  4952 | D:5      | Reached skill level 5 in Armour
  4952 | D:5      | Reached skill level 6 in Shields
  5076 | D:5      | Noticed Eustachio
  5095 | D:5      | Killed Eustachio
  5208 | D:5      | Got a scorched leather armour
  5403 | D:6      | Reached XP level 9. HP: 31/71 MP: 10/12
  5562 | D:6      | Reached skill level 7 in Shields
  5949 | D:6      | Found Goqim's Weapon Shop.
  6591 | D:6      | Identified the cursed -1 leather armour of the Will of the Gods {+Blink rElec Slay-3 SInv Stlth+} (You found it on level 5 of the Dungeon)
  7860 | D:8      | Reached skill level 8 in Shields
  7860 | D:8      | Reached skill level 1 in Invocations
  7897 | D:8      | Got a glittering wooden ring
  8089 | D:8      | Identified the ring "Thro Hyal" {+Fly rC+} (You found it on level 8 of the Dungeon)
  8139 | D:8      | Reached XP level 10. HP: 74/79 MP: 13/15
  8363 | D:9      | Found an ancient bone altar of Kikubaaqudgha.
  8633 | D:9      | Found a sacrificial altar of Ru.
  8675 | D:9      | Found a stormy altar of Qazlal.
  8677 | D:9      | Found a shimmering altar of Xom.
  8678 | D:9      | Found an opulent altar of Gozag.
  8790 | D:9      | Reached skill level 9 in Axes
  8966 | D:9      | Noticed a six-headed hydra
  9964 | D:6      | Bought a +4 battleaxe of chopping for 348 gold pieces
 10382 | D:10     | Entered Level 10 of the Dungeon
 10552 | D:10     | Reached XP level 11. HP: 78/87 MP: 21/21
 10556 | D:10     | Reached skill level 10 in Axes
 10659 | D:10     | Found a staircase to the Lair.
 10805 | D:10     | Noticed a hill giant
 10812 | D:10     | Killed a hill giant
 11346 | D:10     | Noticed a wizard
 11359 | D:10     | Killed a wizard
 11586 | D:10     | Learned a level 3 spell: Regeneration
 11645 | D:11     | Noticed an unseen horror
 11646 | D:11     | Found a staircase to the Orcish Mines.
 11657 | D:11     | Killed an unseen horror
 11662 | D:11     | Noticed an unseen horror
 11676 | D:11     | Killed an unseen horror
 11676 | D:11     | Reached skill level 5 in Invocations
 11714 | D:11     | Acquired Okawaru's second power
 11892 | D:11     | Reached skill level 11 in Axes
 11982 | D:11     | Reached skill level 10 in Fighting
 12099 | D:11     | Noticed a red ugly thing
 12100 | D:11     | Noticed a hill giant
 12115 | D:11     | Killed a hill giant
 12124 | D:11     | Killed a red ugly thing
 12395 | D:11     | Reached XP level 12. HP: 97/97 MP: 8/23
 12714 | D:11     | Noticed an unseen horror
 12732 | D:11     | Killed an unseen horror
 12945 | D:11     | Noticed a hill giant
 12956 | D:11     | Killed a hill giant
 13422 | D:11     | Noticed a brown ugly thing
 13439 | D:11     | HP: 3/98 [acid (4)]
 13443 | D:11     | Mangled by a brown ugly thing

Action                   |  1- 3 |  4- 6 |  7- 9 | 10-12 || total
-------------------------+-------+-------+-------+-------++-------
Melee: War axe           |   120 |   167 |   452 |   220 ||   959
       Battleaxe         |       |       |       |   365 ||   365
Invok: Heroism           |       |       |     2 |     8 ||    10
 Abil: Dig               |     2 |     6 |     2 |     6 ||    16
  Use: Potion            |     1 |     4 |       |     4 ||     9
       Scroll            |       |     5 |     4 |     3 ||    12
  Eat: Chunk             |     1 |     2 |     9 |    14 ||    26
       Beef jerky        |       |     1 |     1 |     2 ||     4
       Bread ration      |       |     1 |       |       ||     1
       Meat ration       |       |       |     1 |       ||     1
       Fruit             |       |       |       |     4 ||     4
       Pizza             |       |       |       |     1 ||     1
